 Dungeon Crawl Stone Soup version 0.29-a0-923-g6e406bff71 (webtiles) character file.

Game seed: 12172829257617874338

1646 leavemydog the Destroyer (level 8, -3/41 HPs)
             Began as a Deep Elf Conjurer on July 27, 2022.
             Was a Follower of Vehumet.
             Succumbed to a water moccasin's poison
             ... on level 5 of the Dungeon.
             The game lasted 00:14:49 (5525 turns).

leavemydog the Destroyer (Deep Elf Conjurer)        Turns: 5525, Time: 00:14:49

Health: -3/41      AC:  3    Str: 12    XL:     8   Next: 67%
Magic:  13/19      EV: 12    Int: 24    God:    Vehumet [*.....]
Gold:   249        SH:  0    Dex: 11    Spells: 15/22 levels left

rFire   . . .      SeeInvis +   i - +2 dagger (venom)
rCold   . . .      Faith    .   (no shield)
rNeg    . . .      Spirit   .   a - +0 robe
rPois   .          Reflect  .   (no helmet)
rElec   .          Harm     .   (no cloak)
rCorr   .          Rampage  .   (no gloves)
Will    .....                   n - +0 pair of boots
Stlth   ++........              (no amulet)
HPRegen 0.13/turn               g - +6 ring of strength
MPRegen 0.16/turn               t - ring of see invisible

@: lethally poisoned (-3 -> -22)
A: clumsy 1, low MP 1, inability to drink while threatened 1
a: Renounce Religion


You were on level 5 of the Dungeon.
You worshipped Vehumet.
Vehumet was aware of your devotion.
You visited 1 branch of the dungeon, and saw 6 of its levels.

You collected 249 gold pieces.

Inventory:

Hand Weapons
 i - a +2 dagger of venom (weapon)
Armour
 a - a +0 robe (worn)
 n - a +0 pair of boots (worn)
Jewellery
 g - a +6 ring of strength (left hand)
 t - a ring of see invisible (right hand)
Wands
 e - a wand of flame (5)
Scrolls
 c - a scroll of immolation {unknown}
 d - a scroll of magic mapping {unknown}
 h - a scroll of enchant weapon {unknown}
 k - a scroll of noise {unknown}
 l - 5 scrolls of identify
 m - a scroll of brand weapon {unknown}
 s - a scroll of poison {unknown}
 u - 3 scrolls of butterflies {unknown}
Potions
 b - a potion of magic
 f - 2 potions of invisibility
 j - 4 potions of brilliance
 o - a potion of mutation
 p - a potion of cancellation {unknown}
 q - a potion of curing {unknown}
 r - 2 potions of haste
 v - a potion of flight {unknown}


   Skills:
 - Level 2.4 Dodging
 - Level 2.4 Stealth
 + Level 7.7 Spellcasting
 * Level 10.6 Conjurations
 * Level 3.9 Translocations


You had 15 spell levels left.
You knew the following spells:

 Your Spells              Type           Power      Damage    Failure   Level
a - Magic Dart            Conj           100%       1d8       1%          1
b - Searing Ray           Conj           100%       2d8       1%          2
c - Iskenderun's Mystic   Conj/Tloc      44%        2d10      3%          4

Your spell library contained the following spells:

 Spells                   Type           Power      Damage    Failure   Level
 Sandblast                Erth           18%        2d7       7%          1
 Dazzling Flash           Conj/Hex       68%        N/A       2%          3
 Fulminant Prism          Conj/Hex       17%        3d11      8%          4
 Sublimation of Blood     Necr           9%         N/A       10%         2
 Wereblood                Tmut           9%         N/A       10%         2
 Malign Gateway           Summ/Tloc      9%         N/A       100%        7
 Summon Hydra             Summ           4%         N/A       100%        7
 Summon Horrible Things   Summ           4%         N/A       100%        8


Dungeon Overview and Level Annotations

Branches:
Dungeon (6/15)
 Temple: D:4-7

Altars:
Ashenzari
Qazlal
Vehumet

Shops:
D:4 (   D:5 (


Innate Abilities, Weirdness & Mutations

You are clumsy. (Dex -2)
Your magical capacity is low. (-10% MP)
You occasionally lose the ability to drink potions when taking damage.


Message History

The water moccasin barely misses you. The water moccasin bites you.
You are poisoned.
The water moccasin poisons you!
Things that are here:
a +0 whip; a stone
Casting: Magic Dart (safe; 1% risk of failure)
Confirm with . or Enter, or press ? or * to list all spells.
Aiming: Searing Ray (safe; 1% risk of failure)
Press: ? - help, Shift-Dir - straight line, f/p - water moccasin
Aim: a water moccasin (almost dead, 72% to hit)
The searing ray misses the water moccasin. (Press . to maintain the ray.)
You feel very sick. The water moccasin barely misses you.
The searing ray misses the water moccasin.
The searing ray hits the black bear!
The black bear is heavily wounded.
You feel sick. The water moccasin bites you.
The searing ray misses the water moccasin.
The searing ray hits the black bear!
The black bear is almost dead.
You feel sick. The water moccasin bites you!
* * * LOW HITPOINT WARNING * * *
You are more poisoned.
The water moccasin poisons you! The water moccasin barely misses you.
The searing ray hits the water moccasin.
The water moccasin is almost dead.
The searing ray hits the black bear!
You kill the black bear!
Vehumet accepts your kill.
You feel your power returning.
You finish channelling your searing ray.
* * * LOW HITPOINT WARNING * * *
You feel very sick. The water moccasin misses you.
It was a potion of mutation.
You feel extremely strange.
You feel clumsy.
You feel less energetic.
You occasionally lose the ability to drink potions when threatened.
You die...

......#.......#...........# #.###
......#.......#...........# #.# #
..#..##.......#...........# #.# #
..##.##.......#..........## #.# #
..##.##.......#..........# #.# #
.............#.......########.# #
......####...#.##...........#.# #
#.....####...#.##...........#.###
...............S@...........#....
##.....###.....##...........#####
.......###.....##...........#####
...............##................
...............##...........#####
...............##...........#
........#.......#...........#
.....†..........#############
...#####..................#


You could see a water moccasin.

Vanquished Creatures
  An ice beast (D:3)
  3 black bears
  2 ogres
  3 phantoms
  Blork the orc (D:3)
  A necrophage (D:5)
  A bullfrog (D:4)
  2 scorpions (D:4)
  A howler monkey (D:5)
  An orc priest (D:5)
  4 hounds
  An iguana (D:4)
  Natasha (thrice) (D:3)
  2 orc wizards
  4 gnolls (D:2)
  10 adders
  2 worms
  19 orcs
  3 endoplasms
  A giant cockroach (D:2)
  7 hobgoblins
  8 jackals
  4 quokkas
  6 ball pythons
  13 bats
  A frilled lizard (D:1)
  8 goblins
  7 kobolds
  5 rats
124 creatures vanquished.

Notes
Turn   | Place    | Note
-------+----------+-------------------------------------------
     0 | D:1      | leavemydog the Deep Elf Conjurer began the quest for the
                  | Orb.
     0 | D:1      | Reached XP level 1. HP: 10/10 MP: 6/6
   214 | D:1      | Reached XP level 2. HP: 15/15 MP: 5/8
   217 | D:1      | Learned a level 2 spell: Searing Ray
   267 | D:1      | Reached skill level 5 in Conjurations
   941 | D:2      | Reached XP level 3. HP: 19/19 MP: 4/9
  1370 | D:2      | Reached skill level 6 in Conjurations
  1449 | D:2      | Reached XP level 4. HP: 24/24 MP: 8/11
  1454 | D:2      | Learned a level 4 spell: Iskenderun's Mystic Blast
  1929 | D:3      | Noticed Natasha
  1929 | D:3      | Noticed an ice beast
  1943 | D:3      | Found a stormy altar of Qazlal.
  1996 | D:3      | Killed Natasha
  1997 | D:3      | Reached XP level 5. HP: 28/28 MP: 5/12
  2056 | D:3      | Killed an ice beast
  2057 | D:3      | Reached skill level 7 in Conjurations
  2057 | D:3      | Reached skill level 1 in Translocations
  2328 | D:3      | Noticed Natasha
  2334 | D:3      | Killed Natasha
  2335 | D:3      | Reached XP level 6. HP: 32/32 MP: 8/14
  2454 | D:3      | Found a broken altar of Ashenzari.
  2500 | D:3      | You fall into a shaft and drop 2 floors!
  2500 | D:5      | Entered Level 5 of the Dungeon
  2776 | D:4      | Reached skill level 5 in Spellcasting
  2776 | D:4      | Reached skill level 8 in Conjurations
  2834 | D:4      | Reached XP level 7. HP: 32/36 MP: 4/16
  3078 | D:4      | Found a radiant altar of Vehumet.
  3083 | D:4      | Became a worshipper of Vehumet
  3226 | D:3      | Found a faded altar of an unknown god.
  3233 | D:3      | Noticed Natasha
  3236 | D:3      | Killed Natasha
  3600 | D:4      | Noticed Blork the orc
  3616 | D:3      | Killed Blork the orc
  3784 | D:4      | Reached skill level 9 in Conjurations
  3990 | D:4      | Reached XP level 8. HP: 41/41 MP: 7/19
  4049 | D:4      | Found Vegak's Weapon Shoppe.
  4488 | D:5      | Reached * piety under Vehumet
  4488 | D:5      | Offered knowledge of Sandblast by Vehumet.
  4741 | D:5      | Found Ejohe's Weapon Boutique.
  4764 | D:5      | Reached skill level 10 in Conjurations
  5524 | D:5      | HP: 1/41 [poisoned by a water moccasin]
  5525 | D:5      | Gained mutation: You are clumsy. (Dex -2) [potion of
                  | mutation]
  5525 | D:5      | Gained mutation: Your magical capacity is low. (-10% MP)
                  | [potion of mutation]
  5525 | D:5      | Gained mutation: You occasionally lose the ability to drink
                  | potions when taking damage. [potion of mutation]
  5525 | D:5      | Succumbed to a water moccasin's poison

Illustrated notes

Levels and vault maps discovered:
D:1:      lemuel_arrival_rhombus, layout_loops_cross
D:2:      layout_rooms, patterned_corridor
D:3:      layout_rooms, ashenzari_conservatory_becter,
          nicolae_qazlal_eye_of_the_storm, chequers_ecumenical_altar_twisty,
          uniq_natasha
D:4:      layout_cave_pools, kennysheep_little_box, serial_shops,
          nicolae_shop_advertising_works [nicolae_subvault_shop_adworks],
          uniq_blork_the_orc
D:5:      layout_basic, nicolae_stop_n_shop_1
D:6:      layout_basic, enter_ossuary_1

Skill      XL: |  1  2  3  4  5  6  7  8 |
---------------+-------------------------+-----
Conjurations   | 5 6 7 8 9 10 | 10.6
Spellcasting   | 4 5 6 7 |  7.7
Translocations | 1 2 3 |  3.9
Dodging        | |  2.4
Stealth        | |  2.4

Action                   |  1- 3 |  4- 6 |  7- 9 || total
-------------------------+-------+-------+-------++-------
Melee: Dagger            |     2 |    10 |     3 ||    15
 Cast: Magic Dart        |    60 |    70 |   104 ||   234
       Searing Ray       |     4 |     7 |    22 ||    33
       Iskenderun's Myst |       |       |     1 ||     1
  Use: Scroll            |       |       |     3 ||     3
       Potion            |       |       |     1 ||     1
Armor: Robe              |       |     8 |    10 ||    18
Dodge: Dodged            |     5 |    21 |    29 ||    55

Table legend: (Time is in decaauts)
 A = Elapsed time spent in this place.
 B = Non-inter-level travel time spent in this place.
 C = Inter-level travel time spent in this place.
 D = Time resting spent in this place.
 E = Time spent auto-exploring this place.
 F = Levels seen in this place.
 G = Mean time per level.
                   A        B        C        D        E       F      G
               +--------+--------+--------+--------+--------+-----+--------+
         Total |   5525 |   5398 |    127 |   2131 |   2635 |   6 |  920.8 |
       Dungeon |   5525 |   5398 |    127 |   2131 |   2635 |   6 |  920.8 |
               +--------+--------+--------+--------+--------+-----+--------+

Top non-repeatable levels by time:
     D:4: 1370 daAuts
     D:5: 1087 daAuts
     D:2: 1063 daAuts
     D:3: 1063 daAuts
     D:1: 935 daAuts
     D:6: 5 daAuts
